 Dungeon Crawl Stone Soup version 0.31-a0-198-g2ad674f65e (webtiles) character file.

Game seed: 14786263370518329818

116 qw the Shooter (level 4, -8/25 HPs)
             Began as a Deep Elf Hunter on June 25, 2023.
             Mangled by Edmund
             ... wielding a +4 dire flail of protection
              (11 damage)
             ... on level 3 of the Dungeon.
             The game lasted 00:00:42 (2496 turns).

qw the Shooter (Deep Elf Hunter)                    Turns: 2496, Time: 00:00:42

Health: -8/25      AC:  5    Str: 10    XL:     4   Next: 69%
Magic:  0/6        EV: 13    Int: 14    God:
Gold:   75         SH:  0    Dex: 24    Spells: 3/3 levels left

rFire   . . .        Y - +0 shortbow
rCold   + . .        (shield currently unavailable)
rNeg    . . .        c - +0 leather armour
rPois   .            e - +1 hat
rElec   .            (no cloak)
rCorr   .            a - +0 pair of gloves
SInv    .            (no boots)
Will    .....        f - amulet of guardian spirit
Stlth   ++           i - +6 ring of dexterity
HPRegen 0.24/turn    j - ring of protection from cold
MPRegen 0.10/turn

%: guardian spirit
@: no status effects
A: no striking features
a: no special abilities


You were on level 3 of the Dungeon.
You visited 1 branch of the dungeon, and saw 4 of its levels.

You collected 119 gold pieces.
You spent 44 gold pieces at shops.


   Skills:
 - Level 1.5 Fighting
 + Level 7.6 Ranged Weapons
 - Level 3.4 Dodging
 - Level 1.2 Stealth


You had 3 spell levels left.
You didn't know any spells.
Your spell library was empty.

Inventory:

Hand Weapons
 Y - a +0 shortbow (weapon)
Armour
 a - a +0 pair of gloves (worn)
 c - a +0 leather armour (worn)
 e - a +1 hat (worn)
Jewellery
 f - an amulet of guardian spirit (around neck)
 i - a +6 ring of dexterity (left hand)
 j - a ring of protection from cold (right hand)
Scrolls
 h - 3 scrolls of identify
Potions
 d - a potion of enlightenment
 g - a potion of might

Dungeon Overview and Level Annotations

Branches:
Dungeon (4/15)
 Temple: D:4-7

Altars:
Elyvilon
Zin
The Shining One

Shops:
D:1 *   D:2 ?   D:4 !

Annotations:
D:3 Edmund


Message History

Found a bubbling coppery potion.
Found a stone staircase leading down.
There is a stone staircase leading up here.
Edmund is nearby!
Waypoint 3 assigned to D:4.
You shoot an arrow.
The arrow hits Edmund but does no damage.
Edmund shouts!
Edmund says, "People will remember me!
They'll remember me and die!"
You shoot an arrow. The arrow hits Edmund!
Edmund is moderately wounded.
You shoot an arrow. The arrow hits Edmund.
Edmund is moderately wounded.
Edmund gestures with his flail.
You shoot an arrow. The arrow closely misses Edmund.
You shoot an arrow. The arrow hits Edmund.
Edmund is moderately wounded.
You shoot an arrow. The arrow hits Edmund.
Edmund is heavily wounded.
Edmund hits you with a +4 dire flail of protection!
Ouch! That really hurt!
2493 ||| STAIRDANCE Edmund barely misses you.
You climb upwards.
There is a stone staircase leading down here.
Enter note:
Enter note:
Enter note:
Enter note:
Enter note:
Enter note:
Enter note:
Enter note: You shoot an arrow.
The arrow hits Edmund but does no damage.
Edmund is heavily wounded.
Edmund hits you with a +4 dire flail of protection!
You shoot an arrow.
The arrow hits Edmund but does no damage.
Edmund is heavily wounded.
Edmund hits you with a +4 dire flail of protection!
You die...

#..####### #.# ######
#..# #.# #....# #..#
###.### #....# #..#
#.....# #....## ###..#
#.....# #......
.....###########.....#
#......
####...........'.....#
#......
#############.....#
###...... #@...>#
#........ #@....#
#.##..... #.....#
#.##).... #.....#
#.##.....
##########.##.....
#......##..... ###
#.#######.....
########.# #.# #.####
#........# #.# #.#


You could see Edmund.

Vanquished Creatures
  An orc priest (D:3)
  A gnoll (D:1)
  3 adders (D:2)
  4 orcs (D:3)
  3 ball pythons (D:1)
  4 endoplasms (D:1)
  2 giant cockroaches (D:1)
  A hobgoblin (D:1)
  A jackal (D:1)
  9 kobolds
  4 quokkas
  6 bats
  3 frilled lizards
  A goblin (D:1)
  4 rats
47 creatures vanquished.

Notes
Turn   | Place    | Note
-------+----------+-------------------------------------------
     0 | D:1      | qw the Deep Elf Hunter began the quest for the Orb.
     0 | D:1      | Reached XP level 1. HP: 12/12 MP: 3/3
     0 | D:1      | 0 ||| qw: Version: 0.3-a-22-g0ed2b0b
     0 | D:1      | 0 ||| qw: Game counter: 4888
     0 | D:1      | 0 ||| qw: Melee chars always use a shield: true
     0 | D:1      | 0 ||| qw: God list: Okawaru
     0 | D:1      | 0 ||| qw: Allow faded altars: false
     0 | D:1      | 0 ||| qw: Do Orc after clearing Dungeon:15 true
     0 | D:1      | 0 ||| qw: Do second Lair branch before Depths: true
     0 | D:1      | 0 ||| qw: Lair rune preference: random
     0 | D:1      | 0 ||| qw: Goals: Normal
     0 | D:1      | 0 ||| PLANNING D:1-11
   138 | D:1      | Reached XP level 2. HP: 16/16 MP: 4/4
   155 | D:1      | Reached skill level 6 in Ranged Weapons
   343 | D:1      | Found Doentire's Assorted Antiques.
   348 | D:1      | 348 ||| BUYING clear potion (22 gold).
   348 | D:1      | Bought a clear potion for 22 gold pieces
   348 | D:1      | 348 ||| SHOPLISTING pair of slimy gloves (237 gold, have
                  | 11).
   348 | D:1      | 348 ||| SHOPLISTING scroll labelled MASSIU HUGHYDGH (25
                  | gold, have 11).
   348 | D:1      | 348 ||| SHOPLISTING scroll labelled SARGHUN RATUSEM (25
                  | gold, have 11).
   348 | D:1      | 348 ||| SHOPLISTING scroll labelled WUERU MA PEGGUE (25
                  | gold, have 11).
   370 | D:1      | HP: 3/16 [gnoll/+0 flail (7)]
   374 | D:1      | Reached XP level 3. HP: 5/20 MP: 5/5
   504 | D:1      | 504 ||| UPGRADING to +1 hat.
   509 | D:1      | 509 ||| UPGRADING to amulet of guardian spirit.
   514 | D:1      | 514 ||| DRINKING 2 clear potions.
   515 | D:1      | 515 ||| DROPPING scroll of butterflies.
   587 | D:2      | Found Giecev's Magic Scroll Boutique.
   593 | D:2      | 593 ||| SHOPLISTING scroll of acquirement (572 gold, have
                  | 27).
   593 | D:2      | 593 ||| BUYING scroll of identify (22 gold).
   593 | D:2      | Bought a scroll of identify for 22 gold pieces
   593 | D:2      | 593 ||| SHOPLISTING scroll of identify (22 gold, have 5).
   593 | D:2      | 593 ||| SHOPLISTING scroll of teleportation (33 gold, have
                  | 5).
   700 | D:2      | Reached skill level 7 in Ranged Weapons
   993 | D:2      | Reached XP level 4. HP: 25/25 MP: 6/6
  1009 | D:2      | Found a faded altar of an unknown god.
  1393 | D:2      | 1393 ||| UPGRADING to +6 ring of dexterity.
  1394 | D:2      | 1394 ||| READING scroll labelled CUECLA IGGISA.
  1395 | D:2      | 1395 ||| READING 3 scrolls of identify.
  1395 | D:2      | 1395 ||| IDENTIFYING brown potion
  1762 | D:3      | 1762 ||| UPGRADING to +0 pair of gloves.
  1886 | D:3      | Reached skill level 3 in Dodging
  2019 | D:3      | Found a white marble altar of Elyvilon.
  2019 | D:3      | Found a glowing golden altar of the Shining One.
  2019 | D:3      | Found a glowing silver altar of Zin.
  2370 | D:3      | 2370 ||| UPGRADING to ring of protection from cold.
  2371 | D:3      | 2371 ||| READING scroll labelled WUERU MA PEGGUE.
  2373 | D:3      | 2373 ||| Stepping ~*~*~tactically~*~*~ (cloud).
  2381 | D:3      | HP: 6/25 [poisoned by you (poison gas)]
  2486 | D:4      | Noticed Edmund
  2486 | D:4      | Found Meleohe's Distillery.
  2493 | D:4      | 2493 ||| STAIRDANCE
  2495 | D:3      | HP: 3/25 [Edmund/+4 dire flail of protection (10)]
  2496 | D:3      | Mangled by Edmund

Levels and vault maps discovered:
D:1:      dpeg_arrival_triangle_fractal, layout_rooms, serial_shops, shop,
          minmay_cupped
D:2:      layout_basic, serial_shops, nicolae_shop_hallway_plus,
          dreamdust_ecumenical_altar_sealed_demon
D:3:      layout_basic, dreamdust_divine_triumvirate
D:4:      kennysheep_the_goblin_king, layout_loops_ring,
          nicolae_yredelemnul_corpse_copse, kennysheep_mini, serial_shops,
          nicolae_diamond_shop, shop, nicolae_stop_n_shop_1, uniq_edmund,
          uniq_pikel

Skill      XL: |  1  2  3  4 |
---------------+-------------+-----
Ranged Weapons | 6 7 |  7.6
Dodging        | 3 |  3.4
Fighting       | |  1.5
Stealth        | |  1.2

Action                     |  1- 3 |  4- 6 || total
---------------------------+-------+-------++-------
   Fire: Shortbow          |    98 |    45 ||   143
    Use: Potion            |     1 |       ||     1
         Scroll            |       |     3 ||     3
 Armour: Leather armour    |    12 |       ||    12
  Dodge: Dodged            |    16 |     7 ||    23

Table legend:
 A = Non-vault XP
 B = Vault XP
 C = Vault XP percentage of total XP
 D = Non-vault monster count
 E = Vault monster count
 F = Vault count percentage of total count
                 A         B        C        D         E       F
            +---------+---------+-------+---------+---------+-------
      Total |     159 |       7 |   4.2 |      43 |       4 |   8.5
            +---------+---------+-------+---------+---------+-------
        D:1 |      40 |       7 |  14.9 |      17 |       4 |  19.0
        D:2 |      62 |       0 |   0.0 |      18 |       0 |   0.0
        D:3 |      57 |       0 |   0.0 |       8 |       0 |   0.0
            +---------+---------+-------+---------+---------+-------
